 Dungeon Sprint DCSS version 0.29-a0-789-g7a8fcbc185 (webtiles) character file.

Game seed: 10952315888874127012

299293 mhtbhm the Gargoyle Barricade (level 19, -61/202 HPs)
             Began as a Gargoyle Fighter on July 2, 2022.
             Was an Initiate of Gozag.
             Killed from afar by an orb of fire (69 damage)
             ... with a bolt of fire
             ... in the Dungeon (Sprint IX: "|||||||||||||||||||||||||||||").
             The game lasted 00:26:04 (15629 turns).

mhtbhm the Gargoyle Barricade (Gargoyle Fighter)   Turns: 15629, Time: 00:26:05

Health: -61/202    AC: 47    Str: 40    XL:     19   Next: 38%
Magic:  36/44      EV: 18    Int: 11    God:    Gozag
Gold:   12726      SH: 34    Dex: 23    Spells: 33/61 levels left

rFire   . . .      SeeInvis +   a - +8 demon blade "Leech" {vamp, Harm Drain rN+}
rCold   . . .      Faith    .   c - +7 tower shield of the Usurping Gods {Dex+9 SInv}
rNeg    + + +      Spirit   .   b - +3 plate armour {rN+}
rPois   ∞          Reflect  .   (helmet restricted)
rElec   +          Harm     +   o - +1 cloak
rCorr   +          Rampage  .   F - +1 pair of gloves {infuse}
Will    +....      Rage     3%  f - +2 pair of boots of Sin {Str+6 Dex-4 SInv}
Stlth   .......... NoTele   +   P - amulet "Lemnoet" {rElec Regen+ rCorr Str+2 Dex+4}
HPRegen 1.23/turn               T - ring "Lel Lae" {AC+3 Dex+5}
MPRegen 0.29/turn               w - +6 ring of strength

@: berserking (expiring), gold aura, flying, very quick
A: sickness immunity, AC +14, big wings, negative energy resistance 1,
electricity resistance, torment resistance 1, petrification resistance, horns 1,
berserk 1, deformed body, frail 1
}: 5/17 runes: decaying, serpentine, barnacled, silver, gossamer
a: Renounce Religion, Potion Petition, Call Merchant, Bribe Branch


You were in the Dungeon.
You worshipped Gozag.
Gozag was extremely pleased with you.
You visited 1 branch You collected 42402 gold pieces.
You spent 6564 gold pieces at shops.
You paid 23112 gold pieces to Gozag.

Inventory:

Hand Weapons
 a - the +8 demon blade "Leech" (weapon) {vamp, Harm Drain rN+}
   (You found it in the Dungeon)

   It heals its wielder for a portion of the damage dealt every time it strikes
   a living foe.
   rN:        It protects you from negative energy.
   Drain:     It drains your maximum health when unequipped.
   Harm:      It increases damage dealt and taken.
 u - a +2 demon whip of electrocution
 G - a +2 morningstar of protection
 U - a +5 vampiric demon whip
Missiles
 p - 3 javelins
 r - 2 curare-tipped darts
 z - 2 throwing nets (quivered)
 L - 5 atropa-tipped darts
 M - 3 silver javelins
Armour
 b - a +3 plate armour of positive energy (worn)
 c - the +7 tower shield of the Usurping Gods (worn) {Dex+9 SInv}
   (You found it in the Dungeon)

   Dex:       It affects your dexterity (+9).
   SInv:      It lets you see invisible.
 f - the +2 pair of boots of Sin (worn) {Str+6 Dex-4 SInv}
   (You bought it in a shop in the Dungeon)

   Str:       It affects your strength (+6).
   Dex:       It affects your dexterity (-4).
   SInv:      It lets you see invisible.
 l - the +1 pair of gloves of Cheibriados, Mashing {MP+9 SInv}
   (You bought it in a shop in the Dungeon)

   MP:        It affects your magic capacity (+9).
   SInv:      It lets you see invisible.
 n - a +0 helmet
 o - a +1 cloak (worn)
 B - the +1 pair of boots of Fun and Games {Harm Will+ Str+4}
   (You bought it in a shop in the Dungeon)

   Str:       It affects your strength (+4).
   Harm:      It increases damage dealt and taken.
   Will:      It increases your willpower.
 F - a +1 pair of gloves of infusion (worn)
Jewellery
 w - a +6 ring of strength (right hand)
 P - the amulet "Lemnoet" (around neck) {rElec Regen+ rCorr Str+2 Dex+4}
   (You found it in the Dungeon)

   [amulet of regeneration]

   Str:       It affects your strength (+2).
   Dex:       It affects your dexterity (+4).
   rElec:     It insulates you from electricity.
   Regen:     It increases your rate of health regeneration.
   rCorr:     It protects you from acid and corrosion.
 T - the ring "Lel Lae" (left hand) {AC+3 Dex+5}
   (You found it in the Dungeon)

   [ring of protection]

   AC:        It affects your AC (+3).
   Dex:       It affects your dexterity (+5).
Scrolls
 j - 5 scrolls of blinking
 k - 2 scrolls of amnesia
 s - 13 scrolls of enchant weapon
 v - 3 scrolls of enchant armour
 x - a scroll of brand weapon
 E - 5 scrolls of identify
 I - 5 scrolls of fear
 J - 10 scrolls of fog
 K - 2 scrolls of vulnerability
Potions
 d - 2 potions of might
 e - 13 potions of curing
 g - 6 potions of haste
 h - 10 potions of magic
 i - a potion of invisibility
 m - a potion of cancellation {unknown}
 t - 3 potions of mutation
 A - 2 potions of flight {unknown}
 D - 4 potions of brilliance
 H - 4 potions of heal wounds
 N - a potion of attraction {unknown}


   Skills:
 O Level 27 Fighting
 O Level 27 Long Blades
 - Level 22.8 Maces & Flails
 + Level 2.1 Throwing
 + Level 25.0 Armour
 + Level 11.8 Dodging
 O Level 27 Stealth
 O Level 27 Shields
 * Level 21.6 Spellcasting
 + Level 3.7 Transmutations
 + Level 3.6 Evocations


You had 33 spell levels left.
You knew the following spells:

 Your Spells              Type           Power      Damage    Failure   Level
a - Leda's Liquefaction   Hex/Erth       5%         N/A       67%         4
b - Iron Shot             Conj/Erth      5%         9d2       100%        6
c - Ignition              Fire           5%         3d4       100%        8
d - Lehudib's Crystal Sp  Conj/Erth      5%         10d3      100%        8
e - Wereblood             Tmut           20%        N/A       3%          2

Your spell library contained the following spells:

 Spells                   Type           Power      Damage    Failure   Level
 Freeze                   Ice            44%        1d6       10%         1
 Sandblast                Erth           22%        2d7       10%         1
 Shock                    Conj/Air       44%        1d5       10%         1
 Ensorcelled Hibernation  Hex/Ice        22%        N/A       14%         2
 Stone Arrow              Conj/Erth      22%        3d8       28%         3
 Swiftness                Air            11%        N/A       28%         3
 Ice Form                 Ice/Tmut       16%        N/A       38%         4
 Airstrike                Air            5%         0-3+      67%         4
 Animate Armour           Summ/Erth      22%        N/A       67%         4
 Alistair's Intoxication  Tmut/Pois      10%        N/A       75%         5
 Fireball                 Conj/Fire      5%         3d5       95%         5
 Starburst                Conj/Fire      5%         6d4       100%        6
 Dragon Form              Tmut           10%        N/A       100%        7
 Ozocubu's Refrigeration  Ice            5%         4d6       100%        7
 Sublimation of Blood     Necr           Unusable   N/A       N/A         2

Dungeon Overview and Level Annotations

Branches:
Dungeon (1/1)

Altars:
Cheibriados
Dithmenos
Elyvilon
Fedhas
Gozag
Hepliaklqana
Kikubaaqudgha
Makhleb
Nemelex Xobeh
Okawaru
Qazlal
Ru
Sif Muna
Trog
Uskayaw
Vehumet
Wu Jian
Xom
Yredelemnul
Zin
The Shining One
Jiyva
Lugonu

Shops:
D ([([:?(?[(([(**[:


Innate Abilities, Weirdness & Mutations

You are immune to sickness and miasma.
Your stone body is resilient. (AC +14)
You are immune to poison.
Your large and strong wings let you fly.
You resist negative energy. (rN+)
You are resistant to electric shocks. (rElec)
You are resistant to unholy torment.
You are immune to petrification.
You have a pair of small horns on your head.
You sometimes lose your temper in combat.
Armour fits poorly on your strangely shaped body.
You are frail. (-10% HP)


Message History

The orb of fire is severely damaged.
You hit the orb of fire.
The orb of fire is severely damaged.
You slice the orb of fire!!
The orb of fire is almost destroyed.
The orb of fire glows yellow.
The bolt of fire hits you! You resist.
The orb of fire emits a lurid red light.
The fireball explodes!
The fireball engulfs the orb of fire.
The orb of fire completely resists.
The fireball engulfs you!! You resist.
The fireball engulfs the orb of fire.
The orb of fire completely resists.
You are too injured to fight recklessly!
You are too injured to fight recklessly!
You are too injured to fight recklessly!
You slice the orb of fire!!
You destroy the orb of fire!
Your Armour skill increases to level 25!
Unknown command.
An orb of fire comes into view.
Your resistance to elements expires.
You see here 63 gold pieces.
Unknown command.
You slice the orb of fire!! You headbutt the orb of fire!
The orb of fire is moderately damaged.
Unknown command.
You chop the orb of fire into pieces!!!
The orb of fire is severely damaged.
The orb of fire emits a lurid red light.
The bolt of fire hits you!!!
* * * LOW HITPOINT WARNING * * *
You slice the orb of fire!!
The orb of fire is almost destroyed.
Unknown command.
Unknown command.
You hit the orb of fire.
The orb of fire is almost destroyed.
The orb of fire glows yellow.
The bolt of fire hits you!!!
You die...
Your body crumbles into a pile of gold.

*,*,*,*,*,*,▓.▓.▓)▓.▓[▓.▓.▓)▓.
*,*,*,*,*,*,▓'▓.▓)▓.▓[▓.▓.▓)▓.
*,*,*,*,*,*,▓.▓.▓.▓.▓[▓.▓.▓.▓.
*,*,*,*,*,*,▓'▓.▓)▓.▓[▓.▓.▓.▓∩
*,*,*,*,*,*,▓.▓.▓'▓.▓[▓.▓.▓.▓.
*,*,*,*,*,*,▓'▓.▓)▓.▓[▓.▓.▓.♣'
*,*,*,*,*,*,▓.▓.▓.▓.▓[▓.▓+▓.♣.
*,*,*,*,*,*,▓.▓.▓.▓.▓.▓.▓)▓.♣.
*,*,*,*,*,*,▓@▓.▓.▓.▓.▓.▓.▓.♣.
*,*,*+*,*,*,▓*▓.▓.▓.▓.▓.▓)▓.♣.
*,*,*,*,*,*,▓*▓.▓.▓.▓.▓.▓)▓.♣.
*,*,*,*,*,*,▓y▓.▓)▓.▓.▓.▓=▓.♣.
*,*,*,*,*+*,▓q▓.▓)▓.▓.▓.▓)▓.♣.
*+*,*,*,*,*,▓*▓.▓'▓.▓.▓.▓)▓.♣.
*,*,*,*,*,*,▓.▓.▓[▓.▓.▓.▓)▓.♣.
*+*,*,*,*,*,▓D▓.▓)▓.▓.▓.▓.▓.♣.
*,*,*,*,*,*,*,▓.▓.▓.▓.▓.▓)▓.♣.


You could see 3 orbs of fire, a golden dragon, a red draconian scorcher and a
moth of wrath.

Vanquished Creatures
  4 orbs of fire (D)
  An ancient lich (D)
  Mara (D)
  A juggernaut (D)
  Sojobo (D)
  Boris (D)
  Margery (D)
  Frederick (D)
  Xtahua (D)
  Jory (D)
  3 golden dragons (D)
  2 bone dragons (D)
  2 electric golems (D)
  2 liches (D)
  8 tentacled monstrosities (D)
  14 Orb Guardians (D)
  A titan (D)
  A quicksilver dragon (D)
  2 death cobs (D)
  6 shadow dragons (D)
  Kirke (D)
  2 tengu reavers (D)
  2 storm dragons (D)
  A draconian monk (D)
  7 nagarajas (D)
  3 fire giants (D)
  Ilsuiw (D)
  A deep elf sorcerer (D)
  A draconian knight (D)
  A draconian scorcher (D)
  2 frost giants (D)
  A draconian stormcaller (D)
  5 vault wardens (D)
  An orc warlord (D)
  3 emperor scorpions (D)
  5 draconian shifters (D)
  5 ghost moths (D)
  2 ironbound preservers (D)
  4 very ugly things (D)
  2 draconian annihilators (D)
  A spriggan defender (D)
  4 stone giants (D)
  4 ironbound thunderhulks (D)
  A green draconian (D)
  A black draconian (D)
  A deep elf demonologist (D)
  A vampire knight (D)
  An eleionoma (D)
  Azrael (D)
  4 purple draconians (D)
  3 yellow draconians (D)
  4 white draconians (D)
  A red draconian (D)
  A dire elephant (D)
  5 merfolk impalers (D)
  2 yaktaur captains (D)
  3 merfolk javelineers (D)
  7 fire dragons (D)
  A great orb of eyes (D)
  2 rakshasas (D)
  5 ettins (D)
  26 vault guards (D)
  6 hydras (D)
  Harold (D)
  2 ice dragons (D)
  A radroach (D)
  4 ogre magi (D)
  An ironbound frostheart (D)
  Erica (D)
  An anaconda (D)
  2 boulder beetles (D)
  A spriggan air mage (D)
  3 ghost crabs (D)
  An alligator snapping turtle (D)
  A centaur warrior (D)
  A two-headed ogre (D)
  A catoblepas (D)
  2 merfolk aquamancers (D)
  A merfolk avatar (D)
  A satyr (D)
  A spriggan berserker (D)
  An orc high priest (D)
  3 naga sharpshooters (D)
  A deep troll earth mage (D)
  A shock serpent (shapeshifter) (D)
  Sonja (D)
  5 hell knights (D)
  A shock serpent (D)
  A salamander mystic (D)
  2 glowing orange brains (D)
  A sea snake (D)
  An orb spider (D)
  7 swamp dragons (D)
  6 deep trolls (D)
  3 wizards (D)
  2 harpies (D)
  2 wolf spiders (D)
  5 orc knights (D)
  A deep elf pyromancer (D)
  3 ironbound convokers (D)
  An ugly thing (D)
  2 cyclopes (D)
  5 moths of wrath (D)
  3 vault sentinels (D)
  2 guardian serpents (D)
  Joseph (D)
  8 elephants (D)
  3 naga magi (D)
  2 black mambas (D)
  A cane toad (D)
  3 demonic crawlers (D)
  A yaktaur (D)
  An unseen horror (D)
  3 komodo dragons (D)
  A tengu conjurer (D)
  2 wind drakes (D)
  3 trolls (D)
  4 merfolk (D)
  3 slime creatures (D)
  A blink frog (D)
  A spriggan (shapeshifter) (D)
  A jumping spider (D)
  A vampire (D)
  A wraith (D)
  3 yaks (D)
  3 fire elementals (D)
  A vampire mosquito (D)
  A hog (D)
  4 redbacks (D)
  2 nagas (D)
  An acid dragon (D)
  2 water moccasins (D)
  2 hell hounds (D)
  10 orc warriors (D)
  2 swamp drakes (D)
  A boggart (D)
  5 bullfrogs (D)
  A necrophage (D)
  A gnoll sergeant (D)
  A killer bee (D)
  3 orc priests (D)
  2 iguanas (D)
  An orc wizard (D)
  7 orcs (D)
  An endoplasm (D)
  A goblin (D)
  A hobgoblin (D)
  A jackal (D)
  A quokka (D)
  A ball python (D)
375 creatures vanquished.

Vanquished Creatures (others)
  A ghost moth (D)
  A vampire knight (D)
  A deep elf high priest (D)
  A hydra (D)
  A goliath frog (D)
  A spriggan druid (D)
  A naga mage (D)
  An unseen horror (D)
  2 bloated husks (D)
  2 humans (D)
12 creatures vanquished.

Grand Total: 387 creatures vanquished

Notes
Turn   | Place    | Note
-------+----------+-------------------------------------------
     0 | D        | mhtbhm the Gargoyle Fighter began the quest for the Orb.
     0 | D        | Reached XP level 1. HP: 14/14 MP: 1/1
   272 | D        | Noticed an iguana
   272 | D        | Noticed a necrophage
   272 | D        | Noticed an iguana
   272 | D        | Noticed a water moccasin
   274 | D        | Killed an iguana
   275 | D        | Reached skill level 5 in Shields
   275 | D        | Reached XP level 2. HP: 20/20 MP: 2/2
   275 | D        | Reached XP level 3. HP: 24/24 MP: 3/3
   281 | D        | Killed a necrophage
   282 | D        | Reached skill level 5 in Fighting
   282 | D        | Reached skill level 5 in Armour
   282 | D        | Reached XP level 4. HP: 32/32 MP: 4/4
   285 | D        | Reached XP level 5. HP: 36/36 MP: 5/5
   294 | D        | Killed a water moccasin
   295 | D        | Reached XP level 6. HP: 14/44 MP: 6/6
   301 | D        | Found a snail-covered altar of Cheibriados.
   301 | D        | Found a shadowy altar of Dithmenos.
   301 | D        | Found a white marble altar of Elyvilon.
   301 | D        | Found a blossoming altar of Fedhas.
   301 | D        | Found an opulent altar of Gozag.
   302 | D        | Found a hazy altar of Hepliaklqana.
   303 | D        | Found a viscous altar of Jiyva.
   304 | D        | Found an ancient bone altar of Kikubaaqudgha.
   305 | D        | Found a corrupted altar of Lugonu.
   306 | D        | Found a burning altar of Makhleb.
   307 | D        | Found a sparkling altar of Nemelex Xobeh.
   308 | D        | Found an iron altar of Okawaru.
   309 | D        | Became a worshipper of Gozag Ym Sagoz the Greedy
   310 | D        | Found a stormy altar of Qazlal.
   311 | D        | Found a sacrificial altar of Ru.
   312 | D        | Found a shimmering blue altar of Sif Muna.
   313 | D        | Found a bloodstained altar of Trog.
   314 | D        | Found a hide-covered altar of Uskayaw.
   315 | D        | Found a radiant altar of Vehumet.
   316 | D        | Found an ornate altar of the Wu Jian Council.
   317 | D        | Found a shimmering altar of Xom.
   318 | D        | Found a basalt altar of Yredelemnul.
   319 | D        | Found a glowing silver altar of Zin.
   320 | D        | Found a glowing golden altar of the Shining One.
   526 | D        | Noticed a vampire
   526 | D        | Noticed a wraith
   526 | D        | Noticed an acid dragon
   526 | D        | Noticed a two-headed ogre
   530 | D        | Killed a vampire
   531 | D        | Reached skill level 1 in Dodging
   531 | D        | Reached skill level 1 in Stealth
   531 | D        | Killed a wraith
   532 | D        | Reached XP level 7. HP: 50/50 MP: 7/7
   539 | D        | Killed a two-headed ogre
   540 | D        | Reached skill level 10 in Fighting
   540 | D        | Reached skill level 10 in Maces & Flails
   540 | D        | Reached skill level 1 in Evocations
   540 | D        | Reached XP level 8. HP: 36/57 MP: 8/8
   650 | D        | Noticed a slime creature
   650 | D        | Noticed a catoblepas
   650 | D        | Noticed a centaur warrior
   662 | D        | Killed a slime creature
   663 | D        | Reached skill level 10 in Armour
   681 | D        | Killed an unseen horror
   682 | D        | Reached skill level 5 in Stealth
   682 | D        | Reached XP level 9. HP: 51/63 MP: 9/9
   686 | D        | Killed an unseen horror
   697 | D        | Killed a catoblepas
   706 | D        | Killed a centaur warrior
   707 | D        | Reached skill level 10 in Shields
  1011 | D        | Noticed a komodo dragon
  1014 | D        | Noticed an eight-headed hydra
  1017 | D        | Killed a komodo dragon
  1018 | D        | Reached XP level 10. HP: 30/70 MP: 10/10
  1318 | D        | Killed an eight-headed hydra
  1593 | D        | Noticed a cane toad
  1593 | D        | Noticed a black mamba
  1593 | D        | Noticed a boulder beetle
  1597 | D        | Killed a cane toad
  1598 | D        | Reached skill level 15 in Maces & Flails
  1600 | D        | Noticed an elephant
  1610 | D        | Killed a black mamba
  1640 | D        | Killed a boulder beetle
  2064 | D        | Killed an elephant
  2065 | D        | Reached XP level 11. HP: 68/78 MP: 11/11
  2136 | D        | Reached skill level 10 in Stealth
  2264 | D        | Noticed a dire elephant
  2550 | D        | Killed a dire elephant
  2781 | D        | Noticed Erica
  2794 | D        | Killed Erica
  2883 | D        | Noticed Harold
  2900 | D        | Killed Harold
  2974 | D        | Noticed an orc high priest
  3101 | D        | Noticed a soul eater
  3102 | D        | Noticed a sixfirhy
  3107 | D        | Killed an orc high priest
  3108 | D        | Reached skill level 15 in Fighting
  3424 | D        | Noticed an orc knight
  3427 | D        | Noticed an orc knight
  3435 | D        | Killed an orc knight
  3436 | D        | Noticed an orc knight
  3550 | D        | Killed an orc knight
  3551 | D        | Reached XP level 12. HP: 57/88 MP: 12/12
  3713 | D        | Reached skill level 15 in Armour
  4106 | D        | Found Enlenon's Assorted Antiques.
  4106 | D        | Noticed an ogre mage
  4106 | D        | Noticed an ogre mage
  4111 | D        | Killed an ogre mage
  4129 | D        | Killed an ogre mage
  4156 | D        | Found Quf Seok's Assorted Antiques.
  4379 | D        | Found Ubiynui's Antique Armour Emporium.
  4388 | D        | Found Ephesy's Book Shoppe.
  4693 | D        | Bought a scroll of blinking for 217 gold pieces
  4694 | D        | Noticed an ettin
  4695 | D        | Noticed an ogre mage
  4715 | D        | Killed an ettin
  4720 | D        | Paralysed by something for 5 turns
  4728 | D        | Killed an ogre mage
  4948 | D        | Bought a blackened bronze amulet for 95 gold pieces
  4948 | D        | Bought a potion of haste for 190 gold pieces
  4957 | D        | Bought a book of Fire for 572 gold pieces
  4957 | D        | Bought the Handbook of the Mountains and Feathers for 494
                  | gold pieces
  5002 | D        | Noticed Sonja
  5020 | D        | Killed Sonja
  5308 | D        | Noticed Joseph
  5322 | D        | Killed Joseph
  5380 | D        | Got the +7 tower shield of the Usurping Gods {Dex+9 SInv}
  5460 | D        | Bought a pair of embroidered gloves for 195 gold pieces
  5460 | D        | Bought a pair of runed boots for 195 gold pieces
  5460 | D        | Bought a pair of embroidered gloves for 195 gold pieces
  5466 | D        | Bought a runed scale mail for 182 gold pieces
  5494 | D        | Noticed a five-headed hydra
  5494 | D        | Noticed an ogre mage
  5497 | D        | Killed a five-headed hydra
  5502 | D        | Noticed a lich
  5513 | D        | Reached XP level 13. HP: 97/97 MP: 11/13
  5523 | D        | Noticed a stone giant
  5526 | D        | Killed a lich
  5530 | D        | Noticed a fire giant
  5541 | D        | Noticed a stone giant
  5550 | D        | Killed a stone giant
  5555 | D        | Killed a fire giant
  5556 | D        | Reached skill level 15 in Shields
  5578 | D        | Killed a stone giant
  5895 | D        | Noticed Azrael
  5922 | D        | Killed Azrael
  6071 | D        | Noticed a ghost moth
  6083 | D        | Killed a ghost moth
  6084 | D        | Reached skill level 5 in Dodging
  6390 | D        | Noticed an eleionoma
  6408 | D        | Killed an eleionoma
  6603 | D        | Gained mutation: Your large and strong wings let you fly.
                  | [Gargoyle growth]
  6603 | D        | Reached XP level 14. HP: 82/106 MP: 0/14
  6695 | D        | Noticed an emperor scorpion
  6746 | D        | Killed an emperor scorpion
  7012 | D        | Reached skill level 1 in Throwing
  7283 | D        | Noticed Kirke
  7300 | D        | Noticed a sphinx
  7302 | D        | Killed Kirke
  7395 | D        | Noticed a stone giant
  7395 | D        | Noticed a cyan very ugly thing
  7395 | D        | Noticed a tentacled monstrosity
  7396 | D        | Noticed a frost giant
  7408 | D        | Killed a stone giant
  7419 | D        | Killed a cyan very ugly thing
  7422 | D        | Noticed a frost giant
  7429 | D        | Killed a tentacled monstrosity
  7439 | D        | Killed a frost giant
  7640 | D        | Killed a frost giant
  7991 | D        | Reached skill level 15 in Stealth
  8124 | D        | Noticed a fire giant
  8138 | D        | Killed a fire giant
  8544 | D        | Noticed a vault warden
  8544 | D        | Noticed an ironbound thunderhulk
  8544 | D        | Noticed a brown very ugly thing
  8544 | D        | Noticed an ironbound preserver
  8591 | D        | Learned a level 4 spell: Leda's Liquefaction
  8598 | D        | Learned a level 6 spell: Iron Shot
  8611 | D        | Killed a vault warden
  8627 | D        | Killed an ironbound thunderhulk
  8640 | D        | Killed a brown very ugly thing
  8641 | D        | Reached XP level 15. HP: 115/115 MP: 1/15
  8663 | D        | Paralysed by a great orb of eyes for 4 turns
  9081 | D        | Noticed a vault warden
  9093 | D        | Noticed a vault warden
  9096 | D        | Noticed an orc warlord
  9143 | D        | Killed a vault warden
  9149 | D        | Killed a vault warden
  9153 | D        | Killed an orc warlord
  9171 | D        | Noticed a black draconian knight
  9171 | D        | Noticed a purple draconian shifter
  9222 | D        | Killed a black draconian knight
  9237 | D        | Killed a purple draconian shifter
  9666 | D        | Bought the +2 pair of boots of Sin {Str+6 Dex-4 SInv} for
                  | 508 gold pieces
  9676 | D        | Bought a +3 plate armour of positive energy for 714 gold
                  | pieces
  9716 | D        | Noticed Boris
  9734 | D        | Killed Boris
  9855 | D        | Found the +8 demon blade "Leech" {vamp, Harm Drain rN+}
  9930 | D        | Bought a scroll of vulnerability for 127 gold pieces
  9930 | D        | Bought 3 scrolls of fog for 102 gold pieces
  9930 | D        | Bought a scroll of vulnerability for 127 gold pieces
  9932 | D        | Bought 5 atropa-tipped darts for 39 gold pieces
  9950 | D        | Noticed Frederick
  9974 | D        | Killed Frederick
 10231 | D        | Noticed an emperor scorpion
 10231 | D        | Noticed a ghost moth
 10231 | D        | Noticed a ghost moth
 10257 | D        | Killed an emperor scorpion
 10267 | D        | Killed a ghost moth
 10268 | D        | Reached skill level 5 in Long Blades
 10288 | D        | Killed a ghost moth
 10397 | D        | Noticed a ghost moth
 10398 | D        | Noticed an emperor scorpion
 10399 | D        | Noticed a ghost moth
 10409 | D        | Killed a ghost moth
 10410 | D        | Reached skill level 1 in Spellcasting
 10418 | D        | Killed an emperor scorpion
 10427 | D        | Killed a ghost moth
 10432 | D        | Noticed a ghost moth
 10447 | D        | Killed a ghost moth
 10468 | D        | Got a gossamer rune of Zot
 10581 | D        | Noticed a nagaraja
 10581 | D        | Noticed a nagaraja
 10581 | D        | Noticed a nagaraja
 10592 | D        | Killed a nagaraja
 10593 | D        | Noticed a nagaraja
 10599 | D        | Killed a nagaraja
 10603 | D        | Noticed a nagaraja
 10606 | D        | Noticed a nagaraja
 10612 | D        | Killed a nagaraja
 10621 | D        | Killed a nagaraja
 10622 | D        | Reached skill level 10 in Long Blades
 10622 | D        | Reached XP level 16. HP: 115/125 MP: 1/21
 10624 | D        | Noticed a nagaraja
 10638 | D        | Killed a nagaraja
 10660 | D        | Killed a nagaraja
 10678 | D        | Killed a nagaraja
 10688 | D        | Got a serpentine rune of Zot
 10843 | D        | Reached skill level 5 in Spellcasting
 10926 | D        | Got a decaying rune of Zot
 11044 | D        | Bought 2 scrolls of identify for 72 gold pieces
 11044 | D        | Bought a scroll of enchant armour for 135 gold pieces
 11044 | D        | Bought a scroll of magic mapping for 63 gold pieces
 11065 | D        | Noticed Ilsuiw
 11096 | D        | Killed Ilsuiw
 11207 | D        | Got a barnacled rune of Zot
 11332 | D        | Noticed Margery
 11362 | D        | Killed Margery
 11543 | D        | Noticed a tengu reaver
 11546 | D        | Noticed Sojobo
 11547 | D        | Noticed a tengu reaver
 11558 | D        | Killed a tengu reaver
 11559 | D        | Reached skill level 15 in Long Blades
 11561 | D        | Paralysed by an air elemental for 1 turns
 11602 | D        | Paralysed by an air elemental for 1 turns
 11624 | D        | Killed Sojobo
 11625 | D        | Reached skill level 27 in Shields
 11631 | D        | Killed a tengu reaver
 11957 | D        | Reached skill level 10 in Spellcasting
 12004 | D        | Reached XP level 17. HP: 135/135 MP: 0/31
 12195 | D        | Noticed a tentacled monstrosity
 12212 | D        | Killed a tentacled monstrosity
 12344 | D        | Got Sif Muna's Incunabulum of Snow
 12378 | D        | Noticed a titan
 12378 | D        | Noticed a golden dragon
 12470 | D        | Noticed a lich
 12482 | D        | Noticed a golden dragon
 12500 | D        | Killed a titan
 12512 | D        | Killed a golden dragon
 12529 | D        | Identified the +2 robe "Roawki" {Harm rC+ Int+3}
 12533 | D        | Killed a lich
 12543 | D        | Killed a golden dragon
 12552 | D        | Identified the +3 arbalest "Danolas" {elec, rElec rF+ Str-5
                  | Int+3 Stlth+}
 12555 | D        | Got a silver rune of Zot
 12560 | D        | Got the Handbook of Moulding and Sinister Rituals
 12704 | D        | Noticed Mara
 12709 | D        | Noticed mhtbhm's illusion
 12714 | D        | Noticed mhtbhm's illusion
 12802 | D        | Noticed mhtbhm's illusion
 12806 | D        | Killed Mara
 13046 | D        | Noticed Jory
 13077 | D        | Killed Jory
 13078 | D        | Reached skill level 27 in Fighting
 13133 | D        | Noticed Xtahua
 13146 | D        | Killed Xtahua
 13190 | D        | Got the amulet "Lemnoet" {rElec Regen+ rCorr Str+2 Dex+4}
 13192 | D        | Got the amulet of the Bruised Runes {Faith Dex+4}
 13194 | D        | Got the amulet "Vum Kul" {Spirit -Cast rPois rN++ Slay+3}
 13196 | D        | Got the ring "Boattacs" {Fire Dex+4}
 13198 | D        | Got the ring "Lel Lae" {AC+3 Dex+5}
 13276 | D        | Bought a book of Armaments for 432 gold pieces
 13309 | D        | Bought a pair of masterwork gloves for 285 gold pieces
 13309 | D        | Identified the +1 pair of gloves of Cheibriados, Mashing
                  | {MP+9 SInv} (You bought it in a shop in the Dungeon)
 13315 | D        | Bought an ichor-stained chain mail for 285 gold pieces
 13315 | D        | Identified the +0 chain mail of Masochism {-Tele +Inv
                  | Int+2} (You bought it in a shop in the Dungeon)
 13389 | D        | Noticed a juggernaut
 13423 | D        | Killed a juggernaut
 13436 | D        | Paralysed by a vampire knight for 3 turns
 13571 | D        | Noticed a bone dragon
 13571 | D        | Noticed a bone dragon
 13580 | D        | Killed a bone dragon
 13594 | D        | Killed a bone dragon
 13603 | D        | Reached XP level 18. HP: 89/145 MP: 18/36
 13683 | D        | Reached skill level 15 in Spellcasting
 14032 | D        | Noticed a tentacled monstrosity
 14041 | D        | Killed a tentacled monstrosity
 14042 | D        | Noticed a tentacled monstrosity
 14063 | D        | Killed a tentacled monstrosity
 14211 | D        | Noticed a quicksilver dragon
 14211 | D        | Noticed a golden dragon
 14224 | D        | Killed a golden dragon
 14240 | D        | Reached skill level 27 in Long Blades
 14262 | D        | Killed a quicksilver dragon
 14351 | D        | Noticed a tentacled monstrosity
 14351 | D        | Noticed a tentacled monstrosity
 14351 | D        | Noticed a tentacled monstrosity
 14355 | D        | Killed a tentacled monstrosity
 14363 | D        | Killed a tentacled monstrosity
 14367 | D        | Noticed a tentacled monstrosity
 14369 | D        | Killed a tentacled monstrosity
 14391 | D        | Killed a tentacled monstrosity
 14403 | D        | Reached skill level 10 in Dodging
 14625 | D        | Noticed an Orb Guardian
 14625 | D        | Noticed an Orb Guardian
 14625 | D        | Noticed an Orb Guardian
 14625 | D        | Noticed an Orb Guardian
 14625 | D        | Noticed an Orb Guardian
 14625 | D        | Noticed an Orb Guardian
 14626 | D        | Noticed an Orb Guardian
 14635 | D        | Killed an Orb Guardian
 14636 | D        | Noticed an Orb Guardian
 14648 | D        | Killed an Orb Guardian
 14659 | D        | Killed an Orb Guardian
 14660 | D        | Noticed an Orb Guardian
 14666 | D        | Killed an Orb Guardian
 14667 | D        | Noticed an Orb Guardian
 14674 | D        | Killed an Orb Guardian
 14681 | D        | Killed an Orb Guardian
 14689 | D        | Killed an Orb Guardian
 14698 | D        | Killed an Orb Guardian
 14702 | D        | Killed an Orb Guardian
 14710 | D        | Killed an Orb Guardian
 14743 | D        | Learned a level 8 spell: Ignition
 14752 | D        | Learned a level 8 spell: Lehudib's Crystal Spear
 14755 | D        | Learned a level 2 spell: Wereblood
 14844 | D        | Noticed an Orb Guardian
 14844 | D        | Noticed an Orb Guardian
 14851 | D        | Noticed an Orb Guardian
 14860 | D        | Noticed an Orb Guardian
 14861 | D        | Killed an Orb Guardian
 14867 | D        | Killed an Orb Guardian
 14868 | D        | Reached skill level 1 in Transmutations
 14878 | D        | Reached XP level 19. HP: 151/151 MP: 26/42
 14967 | D        | Noticed an ancient lich
 14973 | D        | Killed an ancient lich
 14976 | D        | Noticed an orb of fire
 14982 | D        | Gained mutation: Potions are less effective at restoring
                  | your health. [an orb of fire]
 14984 | D        | Killed an orb of fire
 14987 | D        | Noticed an electric golem
 15002 | D        | Killed an electric golem
 15234 | D        | Noticed an orb of fire
 15234 | D        | Noticed an electric golem
 15234 | D        | Noticed an orb of fire
 15234 | D        | Noticed an orb of fire
 15351 | D        | Gained mutation: You occasionally lose the ability to read
                  | scrolls when taking damage. [an orb of fire]
 15476 | D        | Lost mutation: Potions are less effective at restoring your
                  | health. [potion of mutation]
 15476 | D        | Lost mutation: You occasionally lose the ability to read
                  | scrolls when taking damage. [potion of mutation]
 15476 | D        | Gained mutation: You sometimes lose your temper in combat.
                  | [potion of mutation]
 15476 | D        | Gained mutation: Armour fits poorly on your strangely
                  | shaped body. [potion of mutation]
 15476 | D        | Gained mutation: You have a pair of small horns on your
                  | head. [potion of mutation]
 15480 | D        | Bought a glowing demon whip for 630 gold pieces
 15482 | D        | Bought a glowing plate armour for 520 gold pieces
 15482 | D        | Bought a pair of scorched boots for 190 gold pieces
 15482 | D        | Identified the +1 pair of boots of Fun and Games {Harm
                  | Will+ Str+4} (You bought it in a shop in the Dungeon)
 15513 | D        | Killed an orb of fire
 15513 | D        | Gained mutation: You are frail. (-10% HP) [an orb of fire]
 15514 | D        | Reached skill level 27 in Stealth
 15521 | D        | Killed an orb of fire
 15551 | D        | Killed an electric golem
 15614 | D        | Noticed a golden dragon
 15615 | D        | Noticed an orb of fire
 15616 | D        | Noticed an orb of fire
 15624 | D        | Killed an orb of fire
 15625 | D        | Noticed an orb of fire
 15627 | D        | HP: 7/202 [orb of fire/bolt of fire (60)]
 15629 | D        | Killed from afar by an orb of fire

Illustrated notes

Levels and vault maps discovered:
D:        linesprint [early_d, line_temple, items_1, d_10, items_2, lair_1,
          lair_end, items_3, orc_1, orc_end, items_4, d_15, swamp_1, shoals_1,
          snake_1, spider_1, d_20, vaults_1, items_5, swamp_end, shoals_end,
          snake_end, spider_end, vaults_end, d_27, items_6, zot_1, zot_end,
          crypt_end, forest_end, elf_end, slime_end, tomb_end, abyss_end,
          pan_hell_end]

Skill      XL: |  1  2  3  4  5  6  7  8  9 10 11 12 13 14 15 16 17 18 19 |
---------------+----------------------------------------------------------+-----
Fighting       | 4 5 6 7 8 10 11 13 15 17 19 21 23 25 27 | 27.0
Maces & Flails | 3 4 6 8 10 11 13 15 17 18 20 21 22 | 22.8
Armour         | 4 5 6 7 8 9 10 11 12 14 17 18 19 20 23 25 | 25.0
Shields        | 5 6 7 8 9 10 12 14 17 22 25 27 | 27.0
Dodging        | 1 2 3 4 6 8 9 10 11 | 11.8
Stealth        | 1 3 5 7 9 10 11 14 15 16 18 24 27 | 27.0
Evocations     | 1 2 3 |  3.6
Throwing       | 1 2 |  2.1
Long Blades    | 10 17 24 27 | 27.0
Spellcasting   | 3 10 14 19 21 | 21.6
Transmutations | 1 3 |  3.7

Action                   |  1- 3 |  4- 6 |  7- 9 | 10-12 | 13-15 | 16-18 | 19-21 || total
-------------------------+-------+-------+-------+-------+-------+-------+-------++-------
Melee: Flail             |    29 |    13 |       |       |       |       |       ||    42
       Morningstar       |       |     3 |    69 |   434 |   724 |       |       ||  1230
       Demon blade       |       |       |       |       |   144 |  1329 |    69 ||  1542
       Headbutt          |       |       |       |       |       |       |     6 ||     6
Throw: Throwing net      |       |       |       |     1 |     1 |       |       ||     2
       Dart              |       |       |       |       |     4 |       |       ||     4
 Cast: Wereblood         |       |       |       |       |       |     1 |     1 ||     2
Invok: Potion Petition   |       |       |       |     3 |     3 |       |     1 ||     7
       Call Merchant     |       |       |       |     2 |     5 |     3 |     3 ||    13
Evoke: Wand              |       |     2 |     2 |     6 |       |       |       ||    10
  Use: Potion            |     1 |       |     1 |     5 |     2 |       |     2 ||    11
       Scroll            |       |       |       |       |     2 |     1 |     1 ||     4
 Stab: Invisible         |       |     1 |       |     9 |       |       |       ||    10
       Petrified         |       |       |     5 |       |       |       |       ||     5
       Distracted        |       |       |       |     2 |    22 |    31 |     1 ||    56
       Sleeping          |       |       |       |     1 |     1 |       |     2 ||     4
       Fleeing           |       |       |       |       |     1 |       |       ||     1
Armor: Scale mail        |    10 |     6 |       |     2 |   174 |       |       ||   192
       Plate armour      |       |     2 |    37 |   215 |    80 |   318 |     6 ||   658
Dodge: Dodged            |     9 |     4 |    12 |   150 |   188 |   222 |    14 ||   599
Block: Buckler           |     5 |     4 |    14 |   120 |       |       |       ||   143
       Tower shield      |       |       |       |    12 |   885 |  1020 |    34 ||  1951

Table legend: (Time is in decaauts) A = Elapsed time spent in this place. B = Non-inter-level travel time spent in this place. C = Inter-level travel time spent in this place. D = Time resting spent in this place. E = Time spent auto-exploring this place. F = Levels seen in this place. G = Mean time per level. A B C D E F G +--------+--------+--------+--------+--------+-----+--------+ Total | 14888 | 14888 | 0 | 6105 | 3775 | 1 | 14888.0 | Dungeon | 14888 | 14888 | 0 | 6105 | 3775 | 1 | 14888.0 | +--------+--------+--------+--------+--------+-----+--------+

Top non-repeatable levels by time:
       D: 14888 daAuts
